 Dungeon Crawl Stone Soup version 0.28.0 (webtiles) character file.

Game seed: 2978964029775232059

713 dorian the Gusty (level 7, -7/36 HPs)
             Began as a Tengu Air Elementalist on Feb 11, 2022.
             Killed from afar by Ijyb (43 damage)
             ... with a bolt of acid
             ... on level 5 of the Dungeon.
             The game lasted 00:12:10 (6239 turns).

dorian the Gusty (Tengu Air Elementalist)           Turns: 6239, Time: 00:12:11

Health: -7/36      AC:  5    Str:  9    XL:     7   Next: 69%
Magic:  11/15      EV: 14    Int: 17    God:
Gold:   194        SH:  0    Dex: 14    Spells: 9/15 levels left

rFire   . . .      SeeInvis .   c - staff of poison
rCold   . . .      Faith    .   (no shield)
rNeg    . . .      Spirit   .   a - +0 robe
rPois   +          Reflect  .   (helmet restricted)
rElec   .          Harm     .   o - +1 cloak
rCorr   .          Rampage  .   j - +0 pair of gloves
Will    .....                   (boots unavailable)
Stlth   ++........              (no amulet)
HPRegen 0.12/turn               (no ring)
MPRegen 0.14/turn               (no ring)

@: flying quickly and evasively, quick
A: beak, talons 3, nimble flight
a: no special abilities


You were on level 5 of the Dungeon.
You visited 1 branch of the dungeon, and saw 5 of its levels.

You collected 194 gold pieces.

Inventory:

Hand Weapons
 l - a +1 morningstar of protection
 p - a +4 quarterstaff of chaos
Armour
 a - a +0 robe (worn)
 j - a +0 pair of gloves (worn)
 o - a +1 cloak (worn)
Magical Staves
 c - a staff of poison (weapon)
Jewellery
 r - a ring of positive energy
Potions
 b - a potion of cancellation {unknown}
 d - a potion of invisibility {unknown}
 e - a potion of mutation {unknown}
 f - 3 potions of heal wounds
 h - a potion of berserk rage {unknown}
 k - 2 potions of magic {unknown}
 m - 2 potions of lignification
 q - a potion of curing {unknown}


   Skills:
 - Level 2.1 Dodging
 - Level 2.0 Stealth
 + Level 4.6 Spellcasting
 + Level 6.2 Conjurations
 + Level 7.4 Air Magic


You had 9 spell levels left.
You knew the following spells:

 Your Spells              Type           Power      Damage    Failure   Level
a - Shock                 Conj/Air       100%       1d9       1%          1
b - Static Discharge      Conj/Air       27%        N/A       1%          2
c - Swiftness             Air            29%        N/A       2%          3

Your spell library contained the following spells:

 Spells                   Type           Power      Damage    Failure   Level
 Airstrike                Air            14%        N/A       7%          4
 Stone Arrow              Conj/Erth      28%        3d8       12%         3
 Hailstorm                Conj/Ice       14%        3d5       38%         4


Dungeon Overview and Level Annotations

Branches:
Dungeon (5/15)
 Temple: D:4-7

Altars:
Sif Muna
The Shining One

Shops:
D:4 (

Annotations:
D:5 Ijyb


Innate Abilities, Weirdness & Mutations

You have a beak for a mouth.
You have claws for feet.
Your magical nature lets you fly swiftly and evasively.


Message History

Aim: an orc wizard, wielding a +0 dagger and wearing a +0 robe (heavily wounded, 67% to hit)
The zap misses the orc wizard.
You start resting.
An orc wizard is nearby!
The zap hits the orc wizard!
You kill the orc wizard!
You hear the slow rusting of a very distant drain.
Magic restored.
You hear the slow rusting of a very distant drain.
HP restored.
Items here: )) [ †.
Okay, then.
Things that are here:
a +0 short sword; an orc corpse
Things that are here:
a +0 dagger; a +0 robe
Found a stone staircase leading up.
Found 21 sling bullets.
You hear the slow rusting of a very distant drain.
Found a ring mail.
An adder comes into view.
The adder hisses angrily.
The zap hits the adder!
The adder is almost dead.
The zap hits the adder!
You kill the adder!
You see here a +0 ring mail.
Ijyb the Twisted Goblin comes into view.
She is wielding a +0 dagger and carrying a wand of acid (12).
Ijyb shouts!
The zap hits Ijyb.
Ijyb is lightly wounded.
The zap hits Ijyb but does no damage.
Ijyb is lightly wounded.
The zap hits Ijyb!
Ijyb is moderately wounded.
The zap hits Ijyb.
Ijyb is moderately wounded.
Ijyb zaps a wand.
The bolt of acid hits you!!!
Ouch! That really hurt!
You die...

#... .# ..... .## #...##
... #..... ..# #######
#..#.##g.# #......
#........# ####.#####
#.......# #......# #..@#
#.##.#.#
#...#######.##.#.#
#.........#.##.# # #
#...#####[#.##(# #
.............#.##.#.###
..............#......#..
....................##.#
#####..........###..## #
#...####..... .....#


You could see Ijyb.

Vanquished Creatures
  Menkaure (D:4)
  An ogre (D:4)
  A scorpion (D:4)
  A hound (D:3)
  A jelly (D:4)
  Crazy Yiuf (D:3)
  Terence (D:3)
  A scorpion zombie (D:5)
  An iguana (D:4)
  An orc wizard (D:5)
  A mummy (D:4)
  4 gnolls (D:2)
  A howler monkey skeleton (D:4)
  7 adders
  A white imp (D:3)
  3 worms
  2 dart slugs
  13 orcs
  7 bats
  6 endoplasms
  5 giant cockroaches
  11 goblins
  6 hobgoblins
  4 quokkas
  9 ball pythons
  3 frilled lizards
  A goblin skeleton (D:3)
  6 hobgoblin zombies
  6 kobolds
  2 kobold skeletons (D:3)
  3 kobold zombies (D:3)
  An orc skeleton (D:3)
  An orc zombie (D:4)
  5 rats
118 creatures vanquished.

Notes
Turn   | Place    | Note
-------+----------+-------------------------------------------
     0 | D:1      | dorian the Tengu Air Elementalist began the quest for the
                  | Orb.
     0 | D:1      | Reached XP level 1. HP: 10/10 MP: 4/4
   205 | D:1      | Reached XP level 2. HP: 15/15 MP: 0/6
   547 | D:1      | Reached XP level 3. HP: 16/19 MP: 1/7
   722 | D:1      | Got the Grimoire of Dusty Combat Magic
  1412 | D:1      | Learned a level 2 spell: Static Discharge
  1416 | D:1      | Learned a level 3 spell: Swiftness
  1433 | D:2      | Reached XP level 4. HP: 24/24 MP: 4/9
  1526 | D:2      | Reached skill level 5 in Air Magic
  1756 | D:2      | Found a faded altar of an unknown god.
  2494 | D:3      | Noticed Terence
  2882 | D:3      | Gained mutation: Your magical nature lets you fly swiftly
                  | and evasively. [Tengu growth]
  2882 | D:3      | Reached XP level 5. HP: 28/28 MP: 5/10
  2991 | D:3      | Killed Terence
  3704 | D:3      | Found a glowing golden altar of the Shining One.
  4211 | D:3      | Reached XP level 6. HP: 31/32 MP: 6/12
  4361 | D:3      | Reached skill level 6 in Air Magic
  4475 | D:3      | Found a runed translucent door.
  4476 | D:3      | Noticed Crazy Yiuf
  4600 | D:3      | Killed Crazy Yiuf
  4811 | D:4      | Reached skill level 5 in Conjurations
  4903 | D:4      | Noticed Menkaure
  4907 | D:4      | Killed Menkaure
  4908 | D:4      | Reached XP level 7. HP: 36/36 MP: 9/14
  5158 | D:4      | Found Tibb's Antique Weapon Emporium.
  5286 | D:4      | Found a shimmering blue altar of Sif Muna.
  5334 | D:4      | Reached skill level 7 in Air Magic
  5989 | D:5      | Entered Level 5 of the Dungeon
  6235 | D:5      | Noticed Ijyb
  6239 | D:5      | Killed from afar by Ijyb

Illustrated notes

Levels and vault maps discovered:
D:1:      tarquinn_simple_flora_water_d, layout_basic, minmay_pentomino_t4
D:2:      layout_loops_ring, shapermc_ecumenical_altar_mp_highgroup
D:3:      layout_basic, nicolae_tso_besieged_by_evil, st_stairs_5,
          uniq_crazy_yiuf_cottage, uniq_terence
D:4:      layout_cave_pools, overflow_temple_1_default,
          nicolae_inconvenience_store, minmay_mini_ossuary, uniq_menkaure
D:5:      layout_loops_cross, mainiacjoe_overflow_chevrons, serial_shops,
          nicolae_shop_hallway_plus, gup_sewer_entry_bubbles, uniq_ijyb

Skill      XL: |  1  2  3  4  5  6  7 |
---------------+----------------------+-----
Conjurations   | 2 3 4 5 6 |  6.2
Air Magic      | 5 6 7 |  7.4
Spellcasting   | 3 4 |  4.6
Dodging        | |  2.1
Stealth        | |  2.0

Action                   |  1- 3 |  4- 6 |  7- 9 || total
-------------------------+-------+-------+-------++-------
Melee: Staff             |     2 |     2 |     1 ||     5
 Cast: Shock             |    72 |   142 |    75 ||   289
       Static Discharge  |       |    13 |     8 ||    21
       Swiftness         |       |     2 |       ||     2
  Use: Scroll            |       |     5 |     4 ||     9
Armor: Robe              |     2 |       |       ||     2
Dodge: Dodged            |    11 |     7 |     9 ||    27
